 Seeded DCSS version 0.30.0-29-ga12c61a403 (webtiles) character file.

Game seed: 3232401966097058398 (custom seed)

296 OTABOTABOTAB the Skirmisher (level 6, -1/51 HPs)
             Began as a Gnoll Hunter on June 25, 2023.
             Slain by an orc wizard
             ... wielding a +0 dagger
              (2 damage)
             ... on level 2 of the Dungeon.
             The game lasted 00:03:46 (2037 turns).

OTABOTABOTAB the Skirmisher (Gnoll Hunter)          Turns: 2037, Time: 00:03:46

Health: -1/51      AC:  3    Str: 10    XL:     6   Next: 35%
Magic:  7/9        EV: 14    Int:  9    God:
Gold:   138        SH:  0    Dex: 17    Spells: 9/9 levels left

rFire   . . .        a - +0 shortbow
rCold   . . .        (shield currently unavailable)
rNeg    . . .        c - +0 leather armour
rPois   .            (no helmet)
rElec   .            (no cloak)
rCorr   .            (no gloves)
SInv    .            (no boots)
Will    .....        (no amulet)
Stlth   ++           (no ring)
HPRegen 0.28/turn    (no ring)
MPRegen 0.11/turn

%: no passive effects
@: hasted, very quick
A: fangs 1, strong nose, distributed training
a: no special abilities


You were on level 2 of the Dungeon.
You visited 1 branch of the dungeon, and saw 3 of its levels.

You collected 138 gold pieces.

Inventory:

Hand Weapons
 a - a +0 shortbow (weapon)
Missiles
 k - 2 javelins
 s - 18 stones
Armour
 c - a +0 leather armour (worn)
 j - a +0 helmet
   (You took it off Robin on level 2 of the Dungeon)
Jewellery
 Q - a +4 ring of slaying
   (You took it off a gnoll on level 2 of the Dungeon)
Wands
 q - a wand of roots (9)
   (You took it off Jessica on level 2 of the Dungeon)
Scrolls
 e - a scroll of vulnerability {unknown}
 l - a scroll of fear {unknown}
 m - 3 scrolls of fog {unknown}
 p - 2 scrolls of identify {unknown}
 r - a scroll of teleportation {unknown}
 t - a scroll of blinking {unknown}
 K - 3 scrolls of immolation {!r}
Potions
 b - a potion of mutation {unknown}
 d - a potion of resistance {unknown}
 f - a potion of cancellation {unknown}
 h - a potion of magic {unknown}
 i - a potion of might {unknown}
 n - a potion of attraction {unknown}
 o - a potion of heal wounds {unknown}
 u - a potion of degeneration {unknown}
 H - 2 potions of haste
 P - 2 potions of lignification {!q}


   Skills:
 + Level 5.0 Fighting
 + Level 2.0 Short Blades
 + Level 2.0 Long Blades
 + Level 2.0 Axes
 + Level 2.0 Maces & Flails
 + Level 2.0 Polearms
 + Level 2.0 Staves
 + Level 8.8 Ranged Weapons
 + Level 2.0 Throwing
 + Level 2.0 Armour
 + Level 5.0 Dodging
 + Level 3.1 Stealth
 + Level 2.0 Shields
 + Level 2.0 Unarmed Combat
 + Level 2.0 Spellcasting
 + Level 1.6 Conjurations
 + Level 1.6 Hexes
 + Level 1.6 Summonings
 + Level 1.6 Necromancy
 + Level 1.6 Translocations
 + Level 1.6 Transmutations
 + Level 1.6 Fire Magic
 + Level 1.6 Ice Magic
 + Level 1.6 Air Magic
 + Level 1.6 Earth Magic
 + Level 1.6 Poison Magic
 + Level 2.2 Invocations
 + Level 2.0 Evocations


You had 9 spell levels left.
You didn't know any spells.
Your spell library contained the following spells:

 Spells                   Type           Power      Damage    Failure   Level
 Poisonous Vapours        Pois/Air       6%         N/A       34%         2
 Mephitic Cloud           Conj/Pois/Air  3%         N/A       56%         3
 Freezing Cloud           Conj/Ice/Air   1%         6-21      99%         5


Dungeon Overview and Level Annotations

Branches:
Dungeon (3/15)

Altars:

Shops:
D:1 [((!


Innate Abilities, Weirdness & Mutations

You have very sharp teeth.
Your uncanny sense of smell can sniff out nearby items.
Your experience applies equally to all skills.


Message History

Fire: a) +0 shortbow
Press: ? - help, Q - select action, (/) - cycle Shift-Dir - straight line, f/p - Pargi
Aim: Pargi (lightly wounded, 60% to hit)
You shoot an arrow. The arrow hits Pargi.
Something hits you. Pargi barely misses you. Pargi closely misses you.
Pargi claws you.
You take 3 damage, and have 13/43 hp.
Fire: a) +0 shortbow
Press: ? - help, Q - select action, (/) - cycle Shift-Dir - straight line, f/p - Pargi
Aim: Pargi (moderately wounded, 60% to hit)
You shoot an arrow. The arrow hits Pargi!
Something hits you.
* * * LOW HITPOINT WARNING * * *
Pargi closely misses you. Pargi claws you.
* * * LOW HITPOINT WARNING * * *
Pargi claws you.
* * * LOW HITPOINT WARNING * * *
You take 5 damage, and have 8/43 hp.
Unknown command.
Unknown command.
Unknown command.
Unknown command.
It was a potion of haste.
You feel yourself speed up.
H - 2 potions of haste Something hits you but does no damage.
Pargi bites you.
* * * LOW HITPOINT WARNING * * *
Pargi barely misses you. Pargi closely misses you.
You take 5 damage, and have 3/43 hp.
Okay, then.
Fire: a) +0 shortbow
Press: ? - help, Q - select action, (/) - cycle Shift-Dir - straight line, f/p - Pargi
Aim: Pargi (heavily wounded, 60% to hit)
You shoot an arrow. The arrow hits Pargi.
Something tries to affect you, but you resist.
Fire: a) +0 shortbow
Press: ? - help, Q - select action, (/) - cycle Shift-Dir - straight line, f/p - Pargi
Aim: Pargi (heavily wounded, 60% to hit)
You shoot an arrow. The arrow hits Pargi.
Fire: a) +0 shortbow
Press: ? - help, Q - select action, (/) - cycle Shift-Dir - straight line, f/p - Pargi
Aim: Pargi (heavily wounded, 60% to hit)
You shoot an arrow. The arrow hits Pargi!
Fire: a) +0 shortbow
Press: ? - help, Q - select action, (/) - cycle Shift-Dir - straight line, f/p - Pargi
Aim: Pargi (almost dead, 60% to hit)
You shoot an arrow. The arrow hits Pargi!
You kill Pargi!
The troll leather armour {Pargi} is intact enough to wear.
Your Fighting skill increases to level 5!
Your Short Blades skill increases to level 2!
Your Long Blades skill increases to level 2!
Your Axes skill increases to level 2!
Your Maces & Flails skill increases to level 2!
Your Polearms skill increases to level 2!
Your Staves skill increases to level 2!
Your Throwing skill increases to level 2!
Your Armour skill increases to level 2!
Your Dodging skill increases to level 5!
Your Stealth skill increases to level 3!
Your Shields skill increases to level 2!
Your Unarmed Combat skill increases to level 2!
Your Spellcasting skill increases to level 2!
Your Invocations skill increases to level 2!
Your Evocations skill increases to level 2!
You have reached level 6!
Unknown command.
Unknown command.
Something hits you.
* * * LOW HITPOINT WARNING * * *
You take 2 damage, and have 4/51 hp.
You shoot an arrow. Something hits you.
* * * LOW HITPOINT WARNING * * *
You take 1 damage, and have 3/51 hp.
Fire: a) +0 shortbow
Press: ? - help, Q - select action, (/) - cycle Shift-Dir - straight line You shoot an arrow.
Fire: a) +0 shortbow
Press: ? - help, Q - select action, (/) - cycle Shift-Dir - straight line You shoot an arrow.
Something barely misses you.
Fire: a) +0 shortbow
Press: ? - help, Q - select action, (/) - cycle Shift-Dir - straight line You shoot an arrow.
Something hits you.
* * * LOW HITPOINT WARNING * * *
You take 2 damage, and have 2/51 hp.
Fire: a) +0 shortbow
Press: ? - help, Q - select action, (/) - cycle Shift-Dir - straight line You shoot an arrow.
Fire: a) +0 shortbow
Press: ? - help, Q - select action, (/) - cycle Shift-Dir - straight line You shoot an arrow.
Something hits you.
* * * LOW HITPOINT WARNING * * *
You take 1 damage, and have 1/51 hp.
Fire: a) +0 shortbow
Press: ? - help, Q - select action, (/) - cycle Shift-Dir - straight line You shoot an arrow.
Something hits you.
You die...

.....#........)).....###......#
####.#.#...))###..##...+......#
# #.#..)######....#####......#
# #.###.# #.....# ######## ##
#.#<#.# #.....# .###)#.#.#
#.....# ..##)#...# ###)....#
...#.#######..[#####
.#..)..........{@..##########
.##..######..#####.##.......#
.###........## #.##.......#
.........>.## #.##.......#
.#################.##.......#
.# #..........#.##.......# ##
#.########.#.##.......##### #
#.# ##..#.#............. # #.#
###...#.#........####.


There were no monsters in sight!

Vanquished Creatures
  Pargi (D:2)
  Ijyb (D:3)
  Jessica (D:2)
  Robin (D:2)
  7 gnolls (D:2)
  An adder (D:2)
  A worm (D:2)
  A dart slug (D:2)
  6 ball pythons
  5 bats
  5 endoplasms
  11 goblins
  2 hobgoblins (D:1)
  2 jackals (D:1)
  3 kobolds
  3 quokkas
  2 frilled lizards (D:1)
  6 rats
59 creatures vanquished.

Notes
Turn   | Place    | Note
-------+----------+-------------------------------------------
     0 | D:1      | OTABOTABOTAB the Gnoll Hunter began the quest for the Orb.
     0 | D:1      | Reached XP level 1. HP: 20/20 MP: 1/1
    77 | D:1      | Found Jaehul's Weapon Shop.
   132 | D:1      | Reached XP level 2. HP: 26/26 MP: 2/2
   166 | D:1      | Found a faded altar of an unknown god.
   216 | D:1      | Found Dyolin's Antique Weapon Boutique.
   284 | D:1      | Found Oroirph's Armour Emporium.
   540 | D:1      | Found Nuroank's Distillery.
   830 | D:2      | Reached XP level 3. HP: 31/31 MP: 3/3
   831 | D:2      | Noticed Robin
   853 | D:2      | Reached skill level 1 in Invocations
   863 | D:2      | HP: 5/31 [Robin/+0 spear (5)]
   864 | D:2      | HP: 1/31 [Robin/+0 spear (4)]
   866 | D:2      | Killed Robin
   867 | D:2      | Reached skill level 1 in Short Blades
   867 | D:2      | Reached skill level 1 in Long Blades
   867 | D:2      | Reached skill level 1 in Axes
   867 | D:2      | Reached skill level 1 in Maces & Flails
   867 | D:2      | Reached skill level 1 in Polearms
   867 | D:2      | Reached skill level 1 in Staves
   867 | D:2      | Reached skill level 1 in Throwing
   867 | D:2      | Reached skill level 1 in Armour
   867 | D:2      | Reached skill level 1 in Shields
   867 | D:2      | Reached skill level 1 in Unarmed Combat
   867 | D:2      | Reached skill level 1 in Spellcasting
   867 | D:2      | Reached skill level 1 in Evocations
  1250 | D:2      | Reached XP level 4. HP: 33/38 MP: 5/5
  1319 | D:2      | Noticed Jessica
  1323 | D:2      | Killed Jessica
  1324 | D:2      | Reached skill level 1 in Conjurations
  1324 | D:2      | Reached skill level 1 in Hexes
  1324 | D:2      | Reached skill level 1 in Summonings
  1324 | D:2      | Reached skill level 1 in Necromancy
  1324 | D:2      | Reached skill level 1 in Translocations
  1324 | D:2      | Reached skill level 1 in Transmutations
  1324 | D:2      | Reached skill level 1 in Fire Magic
  1324 | D:2      | Reached skill level 1 in Ice Magic
  1324 | D:2      | Reached skill level 1 in Air Magic
  1324 | D:2      | Reached skill level 1 in Earth Magic
  1324 | D:2      | Reached skill level 1 in Poison Magic
  1383 | D:2      | Reached XP level 5. HP: 43/43 MP: 5/7
  1871 | D:3      | Noticed Ijyb
  1875 | D:3      | Paralysed by Ijyb for 4 turns
  1880 | D:3      | Paralysed by Ijyb for 5 turns
  1891 | D:3      | Killed Ijyb
  2002 | D:3      | Noticed Pargi
  2016 | D:2      | HP: 8/43 [Pargi (3)]
  2017 | D:2      | HP: 3/43 [Pargi (6)]
  2029 | D:2      | Killed Pargi
  2030 | D:2      | Reached skill level 5 in Fighting
  2030 | D:2      | Reached skill level 2 in Short Blades
  2030 | D:2      | Reached skill level 2 in Long Blades
  2030 | D:2      | Reached skill level 2 in Axes
  2030 | D:2      | Reached skill level 2 in Maces & Flails
  2030 | D:2      | Reached skill level 2 in Polearms
  2030 | D:2      | Reached skill level 2 in Staves
  2030 | D:2      | Reached skill level 2 in Throwing
  2030 | D:2      | Reached skill level 2 in Armour
  2030 | D:2      | Reached skill level 5 in Dodging
  2030 | D:2      | Reached skill level 3 in Stealth
  2030 | D:2      | Reached skill level 2 in Shields
  2030 | D:2      | Reached skill level 2 in Unarmed Combat
  2030 | D:2      | Reached skill level 2 in Spellcasting
  2030 | D:2      | Reached skill level 2 in Invocations
  2030 | D:2      | Reached skill level 2 in Evocations
  2030 | D:2      | Reached XP level 6. HP: 6/51 MP: 7/9
  2030 | D:2      | HP: 4/51 [something (2)]
  2036 | D:2      | HP: 1/51 [something (1)]
  2037 | D:2      | Slain by an orc wizard

Illustrated notes

Levels and vault maps discovered:
D:1:      reono_arrival_mine, layout_basic, serial_shops, shop,
          nicolae_shop_bloodbath_and_beyond, nicolae_shop_rolling_square, shop,
          ebering_ecumenical_altar_ruins
D:2:      layout_basic, grunt_decor_clamped, kennysheep_doodads,
          minmay_shallow_snake_nest, uniq_robin, uniq_jessica
D:3:      layout_basic, nicolae_overflow_hidden_temple, tso_oasis_becter,
          chequers_temple_overflow_minitemple, kennysheep_generic_room_9,
          uniq_pargi, uniq_sigmund, uniq_ijyb

Skill      XL: |  1  2  3  4  5 |
---------------+----------------+-----
Invocations    | 1 2 |  2.2
Short Blades   | 1 2 |  2.0
Long Blades    | 1 2 |  2.0
Axes           | 1 2 |  2.0
Maces & Flails | 1 2 |  2.0
Polearms       | 1 2 |  2.0
Staves         | 1 2 |  2.0
Throwing       | 1 2 |  2.0
Armour         | 1 2 |  2.0
Shields        | 1 2 |  2.0
Unarmed Combat | 1 2 |  2.0
Spellcasting   | 1 2 |  2.0
Evocations     | 1 2 |  2.0
Conjurations   | 1 |  1.6
Hexes          | 1 |  1.6
Summonings     | 1 |  1.6
Necromancy     | 1 |  1.6
Translocations | 1 |  1.6
Transmutations | 1 |  1.6
Fire Magic     | 1 |  1.6
Ice Magic      | 1 |  1.6
Air Magic      | 1 |  1.6
Earth Magic    | 1 |  1.6
Poison Magic   | 1 |  1.6
Fighting       | 5 |  5.0
Dodging        | 5 |  5.0
Stealth        | 3 |  3.1
Ranged Weapons | |  8.8

Action                     |  1- 3 |  4- 6 || total
---------------------------+-------+-------++-------
   Fire: Shortbow          |    81 |    94 ||   175
    Use: Potion            |     1 |     1 ||     2
 Armour: Leather armour    |     5 |    10 ||    15
  Dodge: Dodged            |    20 |    30 ||    50

Levels and vault maps discovered:
D:1:      reono_arrival_mine, layout_basic, serial_shops, shop,
          nicolae_shop_bloodbath_and_beyond, nicolae_shop_rolling_square, shop,
          ebering_ecumenical_altar_ruins
D:2:      layout_basic, grunt_decor_clamped, kennysheep_doodads,
          minmay_shallow_snake_nest, uniq_robin, uniq_jessica
D:3:      layout_basic, nicolae_overflow_hidden_temple, tso_oasis_becter,
          chequers_temple_overflow_minitemple, kennysheep_generic_room_9,
          uniq_pargi, uniq_sigmund, uniq_ijyb

Table legend: (Time is in decaauts)
 A = Elapsed time spent in this place.
 B = Non-inter-level travel time spent in this place.
 C = Inter-level travel time spent in this place.
 D = Time resting spent in this place.
 E = Time spent auto-exploring this place.
 F = Levels seen in this place.
 G = Mean time per level.
                   A        B        C        D        E       F      G
               +--------+--------+--------+--------+--------+-----+--------+
         Total |   2050 |   2000 |     50 |    228 |   1456 |   3 |  683.3 |
       Dungeon |   2050 |   2000 |     50 |    228 |   1456 |   3 |  683.3 |
               +--------+--------+--------+--------+--------+-----+--------+

Top non-repeatable levels by time:
     D:2: 1058 daAuts
     D:1: 816 daAuts
     D:3: 175 daAuts

Table legend:
 A = Kills in this place as a percentage of kills in the entire game.
 B = Kills by you in this place as a percentage of kills by you in the entire game.
 C = Kills by friends in this place as a percentage of kills by friends in the entire game.
 D = Other kills in this place as a percentage of other kills in the entire game.
 E = Experience gained in this place as a percentage of experience gained in the entire game.
 F = Experience gained in this place divided by the number of levels of this place that you have seen.
                   A       B       C       D       E      F
               +-------+-------+-------+-------+-------+----------------------
         Total | 100.0 | 100.0 |   N/A |   N/A | 100.0 | 141.3
       Dungeon | 100.0 | 100.0 |   N/A |   N/A | 100.0 | 141.3
               +-------+-------+-------+-------+-------+----------------------
